 Dungeon Crawl Stone Soup version 0.29.1-12-g30fa7ad0bf (webtiles) character file.

Game seed: 13142262841146792002

6903 hawla the Thaumaturge (level 11, -2/81 HPs)
             Began as a Meteoran Fire Elementalist on Jan 7, 2023.
             Was a Follower of Vehumet.
             Slain by an 11-headed hydra (4 damage)
             ... on level 9 of the Dungeon on Jan 8, 2023.
             The game lasted 00:21:17 (4840 turns).

hawla the Thaumaturge (Meteoran Fire Elementalist)  Turns: 4840, Time: 00:21:18

Health: -2/81      AC:  7    Str: 10    XL:     11   Next: 51%
Magic:  21/28      EV: 14    Int: 21    God:    Vehumet [*.....]
Gold:   434        SH:  0    Dex: 15    Spells: 27/34 levels left

rFire   + . .      SeeInvis .   e - staff of conjuration
rCold   + + +      Faith    .   (no shield)
rNeg    . . .      Spirit   .   a - +0 robe
rPois   .          Reflect  .   F - +0 helmet of the Cursing Gods {rC++}
rElec   .          Harm     .   k - +0 cloak
rCorr   .          Rampage  .   (no gloves)
Will    +....                   v - +0 pair of boots
Stlth   +.........              (no amulet)
HPRegen 0.23/turn               c - ring of protection from fire
MPRegen 0.21/turn               O - ring of protection from cold

@: glowing
A: sense surroundings 2, otherworldly, glowing, explore regen, iridescent scales
1, MP-powered wands
a: Renounce Religion


You were on level 9 of the Dungeon.
You worshipped Vehumet.
Vehumet was aware of your devotion.
You visited 2 branches of the dungeon, and saw 10 of its levels.
You also visited: Ossuary.

You collected 434 gold pieces.

Inventory:

Hand Weapons
 b - a +0 quarterstaff
 K - the +8 dagger of the Sea {vorpal, rC++}
   (You found it on level 8 of the Dungeon)

   It inflicts extra damage upon your enemies.
   rC:        It greatly protects you from cold.
Armour
 a - a +0 robe (worn)
 k - a +0 cloak (worn)
 v - a +0 pair of boots (worn)
 F - the +0 helmet of the Cursing Gods (worn) {rC++}
   (You found it on level 7 of the Dungeon)

   rC:        It greatly protects you from cold.
 L - the +0 helmet of Ruosijohed {rC- Int+4 Dex+2}
   (You found it on level 6 of the Dungeon)

   Int:       It affects your intelligence (+4).
   Dex:       It affects your dexterity (+2).
   rC:        It makes you vulnerable to cold.
Magical Staves
 e - a staff of conjuration (weapon)
Jewellery
 c - a ring of protection from fire (left hand)
 y - a ring of wizardry
 G - a ring of resist corrosion
 O - a ring of protection from cold (right hand)
Wands
 f - a wand of mindburst (42) (quivered)
 t - a wand of flame (45)
 A - a wand of charming (6)
 I - a wand of polymorph (5)
 J - a wand of iceblast (11)
Scrolls
 d - 3 scrolls of teleportation
 h - a scroll of silence
 i - 3 scrolls of enchant weapon
 m - a scroll of poison {unknown}
 n - 4 scrolls of enchant armour {unknown}
 p - 2 scrolls of brand weapon {unknown}
 q - 2 scrolls of vulnerability {unknown}
 u - 2 scrolls of blinking {unknown}
 w - 5 scrolls of identify
 x - a scroll of noise {unknown}
 D - a scroll of immolation {unknown}
 E - 3 scrolls of fear {unknown}
 M - a scroll of fog {unknown}
Potions
 g - 2 potions of resistance
 j - 4 potions of attraction
 l - 2 potions of degeneration
 o - 3 potions of curing
 r - 3 potions of lignification {unknown}
 s - a potion of cancellation {unknown}
 z - 4 potions of ambrosia {unknown}
 B - a potion of heal wounds {unknown}
 C - 2 potions of flight {unknown}
 H - a potion of might
 N - a potion of haste {unknown}


   Skills:
 + Level 2.6 Fighting
 + Level 6.2 Staves
 + Level 5.1 Dodging
 - Level 1.4 Stealth
 + Level 12.3 Spellcasting
 + Level 7.4 Conjurations
 + Level 11.4 Fire Magic
 + Level 2.0 Evocations


You had 27 spell levels left.
You knew the following spells:

 Your Spells              Type           Power      Damage    Failure   Level
a - Foxfire               Conj/Fire      100%       2x1d9     1%          1
b - Scorch                Fire           100%       2d10      1%          2
c - Flame Wave            Conj/Fire      68%        2d15      1%          4

Your spell library contained the following spells:

 Spells                   Type           Power      Damage    Failure   Level
 Shock                    Conj/Air       100%       1d9       1%          1
 Conjure Flame            Conj/Fire      68%        6-21      1%          3
 Inner Flame              Hex/Fire       36%        N/A       1%          3
 Stone Arrow              Conj/Erth      84%        3d12      3%          3
 Sandblast                Erth           24%        2d8       5%          1
 Blink                    Tloc           24%        N/A       8%          2
 Passwall                 Tmut/Erth      10%        N/A       8%          2
 Manifold Assault         Tloc           12%        N/A       82%         5
 Storm Form               Tmut/Air       6%         N/A       100%        7


Dungeon Overview and Level Annotations

Branches:
Dungeon (9/15) Zot: 816    Temple (1/1) D:6 Zot: 542    Lair (0/5) D:9
    Orc (0/2) D:9         Ossuary (visited)

Altars:
Ashenzari
Cheibriados
Elyvilon
Fedhas
Gozag
Hepliaklqana
Kikubaaqudgha
Makhleb
Okawaru
Qazlal
Ru
Sif Muna
Trog
Uskayaw
Vehumet
Wu Jian
Xom
Yredelemnul
The Shining One

Annotations:
D:9 coldfrog's ghost, novice TeAE


Innate Abilities, Weirdness & Mutations

You passively map the area around you.
You are easily found by Zot.
You glow in the dark.
You regain HP and MP as you explore.
You are partially covered in iridescent scales. (AC +2)
You expend magic power (3 MP) to strengthen your wands.


Message History

Coldfrog's ghost is moderately damaged.
Coldfrog's ghost's fire resistance burns away.
The 11-headed hydra completely misses you.
The 11-headed hydra misses you.
The 11-headed hydra completely misses you.
The 11-headed hydra bites you!
The 11-headed hydra bites you but does no damage.
The 11-headed hydra bites you. The 11-headed hydra barely misses you.
The 11-headed hydra bites you. The 11-headed hydra barely misses you.
The 11-headed hydra bites you!
The 11-headed hydra bites you but does no damage.
Casting: Scorch (safe; 1% risk of failure)
Confirm with . or Enter, or press ? or * to list all spells.
Casting: Flame Wave (mildly dangerous; 1% risk of failure)
Press: ? - help, Dir - look around, f - activate You feel a surge of power!
A wave of flame ripples out!
The flame wave engulfs the 11-headed hydra.
The 11-headed hydra is lightly wounded. (Press . to intensify the flame waves.)
The 11-headed hydra barely misses you. The 11-headed hydra bites you.
The 11-headed hydra bites you but does no damage.
The 11-headed hydra completely misses you.
The 11-headed hydra barely misses you. x2; The 11-headed hydra bites you. x2
The 11-headed hydra bites you! The 11-headed hydra closely misses you.
The 11-headed hydra bites you.
A wave of flame ripples out!
The flame wave engulfs the 11-headed hydra!
The 11-headed hydra is moderately wounded.
The 11-headed hydra barely misses you. The 11-headed hydra closely misses you.
The 11-headed hydra bites you.
The 11-headed hydra bites you but does no damage.
The 11-headed hydra closely misses you. The 11-headed hydra bites you!
* * * LOW HITPOINT WARNING * * *
The 11-headed hydra bites you but does no damage.
The 11-headed hydra closely misses you. The 11-headed hydra bites you.
* * * LOW HITPOINT WARNING * * *
The 11-headed hydra bites you.
* * * LOW HITPOINT WARNING * * *
The 11-headed hydra bites you.
You die...

######....#
#....#####
#~♣♣###'## #....#
#.. ##♣.$.♣##.#
#....# #.#
#P.....♣#.# #....#
#.# #~..)..♣#.#
#...)# #.#
#.!....♣#.####....#
#.#
##....W##.#<......#
#..
###''D##..........#
###
#.....@..#####....#
# ####.....#
#.....##### #######
#..........
#.#+#.####.
#.#......#.
#.####.#.#.
#......#.#.
########.#. #.##


You could see a 11-headed hydra and coldfrog's ghost (combustible).

Vanquished Creatures
  A two-headed ogre (D:9)
  Pikel (D:7)
  2 trolls (D:9)
  2 wyverns (D:9)
  5 yaks (D:9)
  Edmund (D:6)
  A steam dragon (D:8)
  3 orc warriors (D:6)
  2 water moccasins
  An ice beast (D:5)
  A sky beast (D:7)
  3 black bears
  3 wolves (D:9)
  2 ogres
  2 centaurs
  A lemure (D:7)
  2 phantoms (D:7)
  3 kobold brigands
  4 bullfrogs
  A gnoll sergeant (D:6)
  5 scorpions
  5 wights (D:7)
  5 killer bees (D:9)
  A howler monkey (D:8)
  2 electric eels (D:9)
  7 hounds
  2 jellies
  A human zombie (Ossuary)
  2 orc priests
  Terence (D:3)
  3 iguanas
  9 orc wizards
  3 mummies (Ossuary)
  Robin (D:4)
  7 gnolls
  10 adders
  3 shadow imps
  3 white imps
  3 ufetubi
  3 dart slugs
  39 orcs
  4 endoplasms
  A giant cockroach (D:4)
  7 goblins
  4 hobgoblins (D:4)
  4 jackals (D:1)
  26 kobolds
  A quokka (D:4)
  4 ball pythons (D:2)
  A frilled lizard (D:3)
  A gnoll zombie (Ossuary)
  5 goblin zombies (Ossuary)
  3 hobgoblin zombies (Ossuary)
  3 kobold zombies (Ossuary)
  3 quokka zombies (Ossuary)
  2 rat zombies (Ossuary)
225 creatures vanquished.

Vanquished Creatures (others)
  An orc wizard (D:6)
  238 foxfires
  3 plants
242 creatures vanquished.

Grand Total: 467 creatures vanquished

Notes
Turn   | Place    | Note
-------+----------+-------------------------------------------
     0 | D:1      | hawla the Meteoran Fire Elementalist began the quest for
                  | the Orb.
     0 | D:1      | Reached XP level 1. HP: 14/14 MP: 5/5
    21 | D:1      | Reached XP level 2. HP: 19/20 MP: 0/6
    35 | D:1      | Learned a level 2 spell: Scorch
    42 | D:1      | Reached skill level 3 in Spellcasting
   103 | D:2      | Reached XP level 3. HP: 26/26 MP: 3/8
   141 | D:2      | Reached XP level 4. HP: 21/33 MP: 2/10
   179 | D:2      | Learned a level 4 spell: Flame Wave
   359 | D:3      | Noticed Terence
   367 | D:3      | Killed Terence
   368 | D:3      | Reached XP level 5. HP: 38/38 MP: 1/11
   506 | D:4      | Found an ornate altar of the Wu Jian Council.
   506 | D:4      | Found a hide-covered altar of Uskayaw.
   548 | D:4      | Reached XP level 6. HP: 20/45 MP: 2/12
   561 | D:4      | Reached skill level 5 in Fire Magic
   585 | D:4      | Found a sand-covered staircase.
   593 | Ossuary  | Entered an ossuary
   675 | Ossuary  | Reached skill level 1 in Evocations
   886 | D:4      | Found a basalt altar of Yredelemnul.
  1032 | D:4      | Reached skill level 4 in Spellcasting
  1032 | D:4      | Reached XP level 7. HP: 50/50 MP: 8/14
  1170 | D:4      | Found a snail-covered altar of Cheibriados.
  1204 | D:4      | Noticed Robin
  1211 | D:4      | Reached skill level 1 in Staves
  1214 | D:4      | Killed Robin
  1437 | D:5      | Entered Level 5 of the Dungeon
  1458 | D:5      | Noticed a water moccasin
  1466 | D:4      | Killed a water moccasin
  1467 | D:4      | Reached skill level 5 in Conjurations
  1645 | D:5      | Reached skill level 5 in Spellcasting
  1645 | D:5      | Reached XP level 8. HP: 58/58 MP: 6/16
  1706 | D:5      | Found a shimmering blue altar of Sif Muna.
  1887 | D:5      | Reached skill level 5 in Staves
  2071 | D:6      | Gained mutation: You expend magic power (3 MP) to
                  | strengthen your wands. [potion of mutation]
  2071 | D:6      | Gained mutation: You are partially covered in iridescent
                  | scales. (AC +2) [potion of mutation]
  2071 | D:6      | Gained mutation: You passively map the area around you.
                  | [potion of mutation]
  2159 | D:6      | Reached skill level 1 in Fighting
  2181 | D:6      | Mutation became permanent: You passively map a small area
                  | around you. [Meteoran growth]
  2181 | D:6      | Gained mutation: You passively map the area around you.
                  | [Meteoran growth]
  2181 | D:6      | Reached XP level 9. HP: 53/64 MP: 15/18
  2193 | D:6      | Reached skill level 6 in Spellcasting
  2268 | D:6      | Reached skill level 7 in Spellcasting
  2304 | D:6      | Identified the +0 helmet of Ruosijohed {rC- Int+4 Dex+2}
  2480 | D:6      | Found a staircase to the Ecumenical Temple.
  2529 | D:6      | Reached skill level 8 in Spellcasting
  2575 | Temple   | Entered the Ecumenical Temple
  2686 | D:6      | Found a sacrificial altar of Ru.
  2712 | D:6      | Noticed Edmund
  2722 | D:6      | Killed Edmund
  2927 | D:7      | Noticed Pikel
  2930 | D:7      | Killed Pikel
  2931 | D:7      | Reached XP level 10. HP: 68/71 MP: 17/23
  2935 | D:7      | Reached skill level 9 in Spellcasting
  3227 | D:7      | Identified the +0 helmet of the Cursing Gods {rC++}
  3288 | D:7      | Reached skill level 10 in Spellcasting
  3733 | D:8      | Found a radiant altar of Vehumet.
  3760 | D:8      | Became a worshipper of Vehumet
  3783 | D:8      | Identified the +8 dagger of the Sea {vorpal, rC++}
  4157 | D:6      | Reached skill level 10 in Fire Magic
  4209 | D:9      | Reached XP level 11. HP: 41/80 MP: 13/26
  4257 | D:9      | Found a runed translucent gate.
  4257 | D:9      | Found a runed translucent gate.
  4258 | D:9      | Found a runed translucent gate.
  4260 | D:9      | Noticed an 11-headed hydra
  4260 | D:9      | Noticed coldfrog's ghost (novice TeAE)
  4273 | D:9      | Noticed a two-headed ogre
  4275 | D:9      | Found a staircase to the Lair.
  4279 | D:9      | Reached skill level 11 in Spellcasting
  4362 | D:9      | Killed a two-headed ogre
  4389 | D:9      | Reached * piety under Vehumet
  4389 | D:9      | Offered knowledge of Shock by Vehumet.
  4404 | D:9      | Reached skill level 12 in Spellcasting
  4406 | D:9      | Reached skill level 5 in Dodging
  4425 | D:9      | Found a staircase to the Orcish Mines.
  4840 | D:9      | HP: 2/81 [11-headed hydra (6)]
  4840 | D:9      | Slain by an 11-headed hydra

Illustrated notes

Levels and vault maps discovered:
D:1:      lightli_arrival_statue_moat, layout_loops_cross
D:2:      wad_lake_hut, layout_loops_ring, nrook_mini_vaults
D:3:      layout_loops_cross, mainiacjoe_overflow_small_starburst,
          ebering_ecumenical_altar_webs, uniq_terence
D:4:      layout_loops_cross, mainiacjoe_overflow_brackets,
          mainiacjoe_overflow_24_doors, mainiacjoe_overflow_divided_tiny,
          chequers_ossuary_entry_cave, uniq_robin
D:5:      layout_gridville, kennysheep_orc_sif_temple
D:6:      layout_basic, lemuel_crystal_altar,
          minmay_temple_entry_statues_pillars, uniq_edmund
D:7:      layout_basic, minmay_misc_feat_pillars, uniq_pikel
D:8:      layout_basic, mainiacjoe_overflow_cross_hatched
D:9:      layout_basic, erik_lair_island, orc_0_dummy,
          gammafunk_ghost_hydra_chop
Temple:   nicolae_temple_x_marks_the_god

Skill      XL: |  1  2  3  4  5  6  7  8  9 10 11 |
---------------+----------------------------------+-----
Spellcasting   | 3 4 5 8 10 12 | 12.3
Fire Magic     | 4 5 6 8 10 11 | 11.4
Conjurations   | 2 4 5 6 7 |  7.4
Evocations     | 2 |  2.0
Dodging        | 3 4 5 |  5.1
Staves         | 1 6 |  6.2
Fighting       | 1 2 |  2.6
Stealth        | |  1.4

Action                   |  1- 3 |  4- 6 |  7- 9 | 10-12 || total
-------------------------+-------+-------+-------+-------++-------
Melee: Unarmed           |       |     1 |       |       ||     1
       Staff             |       |    47 |     1 |    16 ||    64
       Punch             |       |     4 |       |     1 ||     5
 Cast: Foxfire           |    16 |    32 |    62 |    35 ||   145
       Scorch            |     4 |    19 |    46 |    38 ||   107
       Flame Wave        |       |     6 |    11 |    25 ||    42
  Use: Scroll            |       |     2 |     7 |     1 ||    10
       Potion            |       |       |     4 |     1 ||     5
Armor: Robe              |       |    18 |    15 |    35 ||    68
Dodge: Dodged            |     1 |    43 |    43 |    64 ||   151
